1792 views
Uploaded 2023-08-07 18:46:29
Game version 1.36 (6115)
18:22 long 3on3 ladder game on (6)ThunderLake_LV
Saved by GIGA
1792 views
Uploaded 2023-08-07 18:46:29
Game version 1.36 (6115)
18:22 long 3on3 ladder game on (6)ThunderLake_LV


132 units @ 16.6k
/ 2.2k
65 buildings @ 9.3k
/ 4.2k


| Scroll of Regeneration | 1 | 100 |
| total: | 1 | 100g |
| Peasant | 28 | 2100 | / | 0 |
| Footman | 11 | 1485 | / | 0 |
| Spell Breaker | 2 | 430 | / | 60 |
| Knight | 2 | 490 | / | 120 |
| Mortar Team | 9 | 1620 | / | 630 |
| total: | 52 | 6125g | / | 810w |
| Scout Tower | 4 | 120 | / | 80 |
| Arcane Tower | 1 | 70 | / | 50 |
| Guard Tower | 3 | 210 | / | 150 |
| Altar of Kings | 1 | 180 | / | 50 |
| Farm | 10 | 800 | / | 200 |
| Barracks | 2 | 320 | / | 120 |
| Town Hall | 1 | 385 | / | 205 |
| Arcane Vault | 1 | 130 | / | 30 |
| Lumber Mill | 1 | 120 | / | 0 |
| Blacksmith | 1 | 140 | / | 60 |
| Arcane Sanctum | 1 | 150 | / | 140 |
| Workshop | 2 | 280 | / | 280 |
| Keep | 1 | 320 | / | 210 |
| Castle | 1 | 360 | / | 210 |
| total: | 24 | 2625g | / | 1165w |
| 0:01 | Peasant |
| 0:02 | Peasant |
| 0:02 | Peasant |
| 0:22 | Altar of Kings |
| 0:26 | Farm |
| 0:33 | Barracks |
| 0:36 | Peasant |
| 0:49 | Peasant |
| 1:00 | Farm |
| 1:08 | Peasant |
| 1:20 | Peasant |
| 1:31 | Scout Tower |
| 1:38 | Footman |
| 1:44 | Peasant |
| 1:57 | Footman |
| 2:04 | Arcane Tower |
| 2:13 | Farm |
| 2:21 | Summon Water Elemental |
| 2:33 | Footman |
| 2:55 | Farm |
| 2:55 | Footman |
| 2:58 | Peasant |
| 3:39 | Brilliance Aura |
| 3:45 | Town Hall |
| 3:52 | Arcane Vault |
| 3:56 | Footman |
| 4:09 | Peasant |
| 4:39 | Keep |
| 5:06 | Summon Water Elemental |
| 5:09 | Farm |
| 5:11 | Lumber Mill |
| 5:13 | Farm |
| 5:24 | Defend |
| 5:28 | Blacksmith |
| 5:32 | Peasant |
| 5:41 | Peasant |
| 5:47 | Scroll of Regeneration |
| 5:59 | Farm |
| 6:01 | Footman |
| 6:29 | Footman |
| 7:06 | Peasant |
| 7:06 | Peasant |
| 7:14 | Arcane Sanctum |
| 7:16 | Peasant |
| 7:30 | Scout Tower |
| 7:49 | Improved Lumber Harvesting |
| 7:52 | Footman |
| 7:52 | Footman |
| 8:02 | Castle |
| 8:03 | Storm Bolt |
| 8:27 | Guard Tower |
| 8:30 | Scout Tower |
| 8:34 | Improved Masonry |
| 8:40 | Spell Breaker |
| 8:58 | Guard Tower |
| 9:04 | Barracks |
| 9:05 | Iron Plating |
| 9:05 | Iron Forged Swords |
| 9:06 | Footman |
| 9:06 | Footman |
| 9:30 | Peasant |
| 9:30 | Peasant |
| 9:30 | Peasant |
| 9:30 | Peasant |
| 9:31 | Peasant |
| 9:53 | Spell Breaker |
| 10:23 | Knight |
| 10:24 | Scout Tower |
| 10:28 | Farm |
| 11:33 | Guard Tower |
| 11:37 | Workshop |
| 11:38 | Workshop |
| 11:39 | Peasant |
| 11:40 | Peasant |
| 12:36 | Black Gunpowder |
| 12:38 | Knight |
| 12:41 | Mortar Team |
| 12:58 | Mortar Team |
| 13:21 | Mortar Team |
| 13:22 | Mortar Team |
| 13:24 | Farm |
| 13:55 | Flare |
| 13:56 | Mortar Team |
| 14:06 | Peasant |
| 14:27 | Peasant |
| 14:27 | Peasant |
| 15:06 | Brilliance Aura |
| 15:13 | Bash |
| 15:43 | Fragmentation Shards |
| 15:43 | Mortar Team |
| 15:45 | Farm |
| 15:48 | Peasant |
| 15:48 | Peasant |
| 15:50 | Peasant |
| 16:25 | Storm Bolt |
| 16:35 | Mortar Team |
| 16:36 | Refined Gunpowder |
| 17:08 | Mortar Team |
| 17:55 | Mortar Team |
| Right click | 580 |
| Select | 425 |
| Select group | 404 |
| Misc. action | 213 |
| Build/train/purchase | 112 |
| Assign group | 48 |
| Chat | 32 |
| Minimap ping | 12 |
| Use ability | 9 |
| Remove unit | 5 |
| Item give/drop | 1 |
MiguelKodo
(3)
(18:22) : 

| Scroll of Speed | 1 | 50 |
| Healing Salve | 2 | 200 |
| Lesser Clarity Potion | 1 | 70 |
| Scroll of Town Portal | 1 | 350 |
| total: | 5 | 670g |
| Peon | 22 | 1650 | / | 0 |
| Troll Headhunter | 13 | 1820 | / | 260 |
| Shaman | 5 | 650 | / | 100 |
| Kodo Beast | 2 | 510 | / | 120 |
| Raider | 6 | 1080 | / | 240 |
| Troll Berserker | 2 | 280 | / | 40 |
| total: | 50 | 5990g | / | 760w |
| Watch Tower | 3 | 330 | / | 240 |
| Altar of Storms | 1 | 180 | / | 50 |
| Orc Burrow | 7 | 1120 | / | 280 |
| War Mill | 1 | 205 | / | 0 |
| Barracks | 1 | 180 | / | 50 |
| Great Hall | 1 | 385 | / | 185 |
| Voodoo Lounge | 1 | 130 | / | 30 |
| Spirit Lodge | 2 | 300 | / | 300 |
| Beastiary | 1 | 145 | / | 140 |
| Stronghold | 1 | 315 | / | 190 |
| Fortress | 1 | 325 | / | 190 |
| total: | 18 | 2975g | / | 1275w |
| 0:01 | Peon |
| 0:01 | Peon |
| 0:02 | Peon |
| 0:06 | Altar of Storms |
| 0:18 | Orc Burrow |
| 0:21 | Peon |
| 0:48 | War Mill |
| 1:03 | Barracks |
| 1:10 | Peon |
| 1:23 | Peon |
| 1:25 | Peon |
| 1:44 | Orc Burrow |
| 2:03 | Troll Headhunter |
| 2:06 | Feral Spirit |
| 2:11 | Troll Headhunter |
| 2:33 | Troll Headhunter |
| 2:44 | Peon |
| 2:44 | Peon |
| 3:05 | Troll Headhunter |
| 3:38 | Chain Lighting |
| 3:52 | Great Hall |
| 3:58 | Watch Tower |
| 4:18 | Troll Headhunter |
| 4:19 | Stronghold |
| 4:39 | Troll Headhunter |
| 4:39 | Troll Headhunter |
| 4:51 | Watch Tower |
| 5:08 | Voodoo Lounge |
| 5:21 | Watch Tower |
| 5:26 | Troll Headhunter |
| 5:29 | Spiked Barricades |
| 5:37 | Orc Burrow |
| 6:08 | Troll Headhunter |
| 6:14 | Scroll of Speed |
| 6:14 | Healing Salve |
| 6:49 | Spirit Lodge |
| 6:55 | Peon |
| 6:59 | Peon |
| 7:31 | Chain Lighting |
| 7:50 | Peon |
| 7:50 | Peon |
| 7:50 | Peon |
| 7:53 | Shockwave |
| 8:26 | Troll Headhunter |
| 8:26 | Troll Headhunter |
| 8:27 | Shaman |
| 8:28 | Shaman Adept Training |
| 8:28 | Shaman |
| 8:29 | Spirit Lodge |
| 8:34 | Beastiary |
| 8:49 | Peon |
| 8:49 | Peon |
| 8:53 | Peon |
| 8:54 | Peon |
| 8:54 | Peon |
| 9:05 | Reinforced Defenses |
| 9:29 | Fortress |
| 9:59 | Orc Burrow |
| 10:16 | Orc Burrow |
| 10:22 | Steel Ranged Weapons |
| 10:23 | Steel Armor |
| 10:52 | Peon |
| 11:39 | Kodo Beast |
| 11:41 | Shaman |
| 11:41 | Shaman |
| 11:43 | Thorium Ranged Weapons |
| 12:19 | Berserker Upgrade |
| 12:19 | Troll Headhunter |
| 12:19 | Troll Headhunter |
| 12:20 | Peon |
| 12:20 | Peon |
| 12:23 | Shaman Master Training |
| 12:23 | Shaman |
| 12:25 | War Drums Damage Increase |
| 13:41 | Thorium Armor |
| 13:45 | Kodo Beast |
| 14:00 | Troll Regeneration |
| 14:10 | Raider |
| 14:10 | Ensnare |
| 14:10 | Raider |
| 14:10 | Raider |
| 15:35 | Endurance Aura |
| 15:37 | Scroll of Town Portal |
| 15:37 | Healing Salve |
| 15:38 | Lesser Clarity Potion |
| 16:25 | Raider |
| 16:25 | Raider |
| 16:25 | Raider |
| 16:26 | Steel Melee Weapons |
| 16:28 | Pillage |
| 16:29 | Troll Berserker |
| 16:29 | Troll Berserker |
| 16:34 | Orc Burrow |
| 16:35 | Orc Burrow |
| Right click | 672 |
| Select group | 550 |
| Select | 335 |
| Build/train/purchase | 109 |
| Misc. action | 83 |
| Assign group | 25 |
| Use ability | 22 |
| Chat | 6 |
| Resource trade | 5 |
| Esc | 2 |
| Minimap ping | 1 |



| Rod of Necromancy | 3 | 450 |
| Sacrificial Skull | 1 | 50 |
| Potion of Healing | 4 | 600 |
| Ritual Dagger | 1 | 125 |
| Potion of Mana | 2 | 400 |
| Orb of Corruption | 1 | 375 |
| Dust of Appearance | 1 | 75 |
| Scroll of Healing | 1 | 250 |
| total: | 14 | 2325g |
| Acolyte | 14 | 1050 | / | 0 |
| Ghoul | 4 | 480 | / | 0 |
| Crypt Fiend | 5 | 1075 | / | 200 |
| Meat Wagon | 4 | 920 | / | 200 |
| Frost Wyrm | 2 | 770 | / | 240 |
| Obsidian Statue | 1 | 200 | / | 35 |
| total: | 30 | 4495g | / | 675w |
| Nerubian Tower | 1 | 100 | / | 20 |
| Spirit Tower | 5 | 725 | / | 200 |
| Graveyard | 1 | 215 | / | 0 |
| Crypt | 1 | 200 | / | 50 |
| Altar of Darkness | 1 | 180 | / | 50 |
| Ziggurat | 6 | 900 | / | 300 |
| Tomb of Relics | 3 | 390 | / | 90 |
| Necropolis | 3 | 675 | / | 0 |
| Temple of the Damned | 1 | 155 | / | 140 |
| Slaughterhouse | 4 | 560 | / | 540 |
| Sacrificial Pit | 1 | 75 | / | 150 |
| Boneyard | 2 | 350 | / | 400 |
| Halls of the Dead | 1 | 320 | / | 210 |
| Black Citadel | 1 | 325 | / | 230 |
| total: | 23 | 3700g | / | 1720w |
| 0:02 | Acolyte |
| 0:10 | Graveyard |
| 0:11 | Crypt |
| 0:15 | Acolyte |
| 0:40 | Altar of Darkness |
| 0:56 | Ziggurat |
| 1:18 | Ghoul |
| 1:27 | Tomb of Relics |
| 1:49 | Crypt Fiend |
| 2:03 | Ziggurat |
| 2:24 | Crypt Fiend |
| 2:45 | Carrion Beetles |
| 2:54 | Crypt Fiend |
| 2:58 | Rod of Necromancy |
| 2:58 | Rod of Necromancy |
| 3:05 | Sacrificial Skull |
| 3:11 | Acolyte |
| 3:53 | Ziggurat |
| 3:56 | Ghoul |
| 3:58 | Impale |
| 4:27 | Necropolis |
| 4:29 | Ghoul |
| 5:01 | Halls of the Dead |
| 5:04 | Carrion Beetles |
| 5:21 | Nerubian Tower |
| 5:23 | Ziggurat |
| 5:32 | Ghoul |
| 6:13 | Crypt Fiend |
| 6:16 | Spirit Tower |
| 6:17 | Acolyte |
| 6:17 | Acolyte |
| 6:37 | Ziggurat |
| 6:39 | Acolyte |
| 6:54 | Acolyte |
| 7:38 | Black Citadel |
| 7:57 | Web |
| 8:03 | Spirit Tower |
| 8:04 | Ziggurat |
| 8:06 | Temple of the Damned |
| 8:07 | Tomb of Relics |
| 8:13 | Burrow |
| 8:15 | Slaughterhouse |
| 8:18 | Sacrificial Pit |
| 8:20 | Impale |
| 8:54 | Spirit Tower |
| 8:55 | Potion of Healing |
| 8:55 | Rod of Necromancy |
| 8:56 | Ritual Dagger |
| 8:56 | Potion of Mana |
| 8:56 | Potion of Healing |
| 8:59 | Dust of Appearance |
| 9:02 | Death Coil |
| 9:07 | Slaughterhouse |
| 9:10 | Acolyte |
| 9:17 | Creature Carapace |
| 10:10 | Acolyte |
| 10:13 | Boneyard |
| 10:14 | Boneyard |
| 10:16 | Spirit Tower |
| 11:05 | Meat Wagon |
| 11:29 | Frost Nova |
| 11:30 | Potion of Healing |
| 11:30 | Orb of Corruption |
| 11:31 | Scroll of Healing |
| 11:31 | Potion of Mana |
| 11:31 | Potion of Healing |
| 11:49 | Meat Wagon |
| 12:19 | Meat Wagon |
| 12:41 | Slaughterhouse |
| 12:42 | Slaughterhouse |
| 12:44 | Acolyte |
| 13:17 | Frost Wyrm |
| 13:54 | Necropolis |
| 14:17 | Necropolis |
| 15:37 | Frost Wyrm |
| 15:59 | Freezing Breath |
| 16:13 | Unholy Aura |
| 16:16 | Frost Armor |
| 16:43 | Meat Wagon |
| 16:45 | Obsidian Statue |
| 17:07 | Tomb of Relics |
| 17:16 | Crypt Fiend |
| 17:54 | Acolyte |
| 17:54 | Acolyte |
| 17:54 | Acolyte |
| 17:54 | Acolyte |
| Right click | 1615 |
| Select group | 1542 |
| Select | 459 |
| Assign group | 187 |
| Misc. action | 159 |
| Build/train/purchase | 95 |
| Use ability | 30 |
| Minimap ping | 19 |
| Item give/drop | 2 |
| Esc | 2 |
79 units @ 7.5k
/ 1.1k
81 buildings @ 7.1k
/ 3k

| Healing Salve | 2 | 200 |
| Lesser Clarity Potion | 3 | 210 |
| Orb of Lightning | 1 | 375 |
| Potion of Mana | 1 | 200 |
| Tiny Great Hall | 1 | 600 |
| Boots of Speed | 1 | 250 |
| Circlet of Nobility | 1 | 175 |
| Staff of Teleportation | 1 | 150 |
| total: | 11 | 2160g |
| Peon | 22 | 1650 | / | 0 |
| Troll Witch Doctor | 7 | 1015 | / | 175 |
| total: | 29 | 2665g | / | 175w |
| Altar of Storms | 2 | 360 | / | 100 |
| Orc Burrow | 4 | 640 | / | 160 |
| Voodoo Lounge | 2 | 260 | / | 60 |
| War Mill | 2 | 410 | / | 0 |
| Great Hall | 1 | 385 | / | 185 |
| Spirit Lodge | 1 | 150 | / | 150 |
| Stronghold | 1 | 315 | / | 190 |
| Fortress | 1 | 325 | / | 190 |
| total: | 12 | 2205g | / | 655w |
| 0:03 | Peon |
| 0:03 | Peon |
| 0:07 | Altar of Storms |
| 0:12 | Orc Burrow |
| 0:21 | Peon |
| 1:00 | Peon |
| 1:01 | Peon |
| 1:01 | Peon |
| 1:06 | Voodoo Lounge |
| 1:07 | Peon |
| 1:32 | Peon |
| 1:55 | Peon |
| 2:06 | Peon |
| 2:06 | Peon |
| 2:09 | Orc Burrow |
| 2:11 | Healing Salve |
| 2:12 | Lesser Clarity Potion |
| 2:14 | Peon |
| 2:25 | Wind Walk |
| 2:33 | War Mill |
| 2:35 | Peon |
| 3:07 | Peon |
| 3:07 | Peon |
| 3:20 | Great Hall |
| 3:27 | Peon |
| 3:43 | Peon |
| 5:21 | Lesser Clarity Potion |
| 5:22 | Healing Salve |
| 5:44 | Stronghold |
| 5:55 | Boots of Speed |
| 5:56 | Circlet of Nobility |
| 6:23 | Critical Strike |
| 6:27 | Staff of Teleportation |
| 8:07 | Fortress |
| 8:13 | Spirit Lodge |
| 8:23 | Voodoo Lounge |
| 8:53 | War Mill |
| 9:05 | Wind Walk |
| 9:28 | Witch Doctor Adept Training |
| 9:29 | Troll Witch Doctor |
| 9:32 | Orc Burrow |
| 9:34 | Orc Burrow |
| 11:18 | Troll Witch Doctor |
| 11:36 | Orb of Lightning |
| 12:24 | Troll Witch Doctor |
| 12:32 | Troll Witch Doctor |
| 13:18 | Lesser Clarity Potion |
| 13:22 | Potion of Mana |
| 13:28 | Tiny Great Hall |
| 14:07 | Witch Doctor Master Training |
| 14:07 | Troll Witch Doctor |
| 14:07 | Troll Witch Doctor |
| 14:10 | Peon |
| 14:10 | Peon |
| 14:10 | Peon |
| 14:10 | Peon |
| 14:11 | Peon |
| 14:21 | Brilliance Aura |
| 16:05 | Critical Strike |
| 16:19 | Troll Witch Doctor |
| 16:51 | Altar of Storms |
| Right click | 865 |
| Select | 162 |
| Build/train/purchase | 94 |
| Resource trade | 52 |
| Use ability | 10 |
| Item give/drop | 6 |
| Select group | 4 |
| Esc | 4 |
| Minimap ping | 4 |
| Assign group | 1 |
| Misc. action | 1 |


| Boots of Speed | 2 | 500 |
| total: | 2 | 500g |
| Peasant | 14 | 1050 | / | 0 |
| Flying Machine | 14 | 1400 | / | 420 |
| Mortar Team | 7 | 1260 | / | 490 |
| total: | 35 | 3710g | / | 910w |
| Scout Tower | 1 | 30 | / | 20 |
| Arcane Tower | 1 | 70 | / | 50 |
| Altar of Kings | 3 | 540 | / | 150 |
| Farm | 8 | 640 | / | 160 |
| Lumber Mill | 1 | 120 | / | 0 |
| Town Hall | 1 | 385 | / | 205 |
| Blacksmith | 1 | 140 | / | 60 |
| Arcane Vault | 1 | 130 | / | 30 |
| Workshop | 3 | 420 | / | 420 |
| Gryphon Aviary | 1 | 140 | / | 150 |
| Keep | 1 | 320 | / | 210 |
| Castle | 1 | 360 | / | 210 |
| total: | 20 | 2545g | / | 1195w |
| 0:03 | Altar of Kings |
| 0:09 | Farm |
| 0:10 | Peasant |
| 0:14 | Peasant |
| 0:19 | Peasant |
| 0:39 | Peasant |
| 0:48 | Lumber Mill |
| 0:51 | Peasant |
| 1:05 | Peasant |
| 1:12 | Peasant |
| 1:18 | Peasant |
| 1:26 | Peasant |
| 1:35 | Scout Tower |
| 1:47 | Peasant |
| 1:54 | Improved Lumber Harvesting |
| 1:56 | Peasant |
| 2:15 | Peasant |
| 2:19 | Farm |
| 3:02 | Town Hall |
| 3:18 | Storm Bolt |
| 3:38 | Arcane Tower |
| 3:39 | Peasant |
| 3:39 | Peasant |
| 4:22 | Keep |
| 5:04 | Improved Masonry |
| 5:27 | Blacksmith |
| 5:49 | Farm |
| 6:03 | Boots of Speed |
| 6:26 | Bash |
| 6:27 | Bash |
| 6:43 | Farm |
| 6:49 | Altar of Kings |
| 6:55 | Altar of Kings |
| 6:58 | Boots of Speed |
| 7:10 | Castle |
| 7:13 | Iron Forged Swords |
| 7:13 | Black Gunpowder |
| 7:23 | Advanced Masonry |
| 8:09 | Workshop |
| 8:22 | Workshop |
| 8:33 | Refined Gunpowder |
| 9:06 | Holy Light |
| 9:16 | Flak Cannons |
| 9:19 | Farm |
| 9:36 | Fragmentation Shards |
| 9:37 | Flying Machine Bombs |
| 9:38 | Flare |
| 9:57 | Workshop |
| 11:26 | Flying Machine |
| 11:26 | Flying Machine |
| 11:26 | Flying Machine |
| 11:26 | Flying Machine |
| 11:29 | Flying Machine |
| 11:29 | Flying Machine |
| 11:30 | Flying Machine |
| 11:30 | Flying Machine |
| 11:31 | Flying Machine |
| 11:31 | Flying Machine |
| 11:32 | Flying Machine |
| 11:32 | Flying Machine |
| 12:02 | Imbued Gunpowder |
| 12:24 | Flying Machine |
| 12:25 | Mortar Team |
| 12:27 | Mortar Team |
| 12:46 | Mortar Team |
| 13:00 | Gryphon Aviary |
| 13:07 | Arcane Vault |
| 13:19 | Imbued Masonry |
| 14:14 | Farm |
| 14:15 | Farm |
| 14:18 | Farm |
| 14:27 | Iron Plating |
| 15:22 | Flying Machine |
| 15:41 | Mortar Team |
| 15:42 | Mortar Team |
| 15:44 | Mortar Team |
| 16:20 | Mortar Team |
| Right click | 824 |
| Select | 226 |
| Select group | 123 |
| Misc. action | 69 |
| Build/train/purchase | 66 |
| Use ability | 27 |
| Resource trade | 23 |
| Remove unit | 8 |
| Minimap ping | 7 |
| Assign group | 6 |
| Esc | 2 |
| Item give/drop | 1 |
DudeWhy
(236)
(18:22) : 

| Peasant | 15 | 1125 | / | 0 |
| total: | 15 | 1125g | / | 0w |
| Scout Tower | 41 | 1230 | / | 820 |
| Arcane Tower | 8 | 560 | / | 400 |
| Guard Tower | 18 | 1260 | / | 900 |
| Altar of Kings | 1 | 180 | / | 50 |
| Farm | 4 | 320 | / | 80 |
| Lumber Mill | 2 | 240 | / | 0 |
| Town Hall | 1 | 385 | / | 205 |
| Keep | 1 | 320 | / | 210 |
| total: | 49 | 2355g | / | 1155w |
| 0:02 | Peasant |
| 0:07 | Altar of Kings |
| 0:08 | Peasant |
| 0:18 | Farm |
| 0:20 | Peasant |
| 0:39 | Lumber Mill |
| 0:42 | Peasant |
| 0:42 | Peasant |
| 0:54 | Peasant |
| 1:03 | Farm |
| 1:05 | Peasant |
| 1:18 | Peasant |
| 1:30 | Peasant |
| 1:34 | Scout Tower |
| 1:37 | Peasant |
| 1:48 | Scout Tower |
| 1:50 | Peasant |
| 2:16 | Arcane Tower |
| 2:18 | Scout Tower |
| 2:22 | Storm Bolt |
| 2:58 | Guard Tower |
| 2:59 | Scout Tower |
| 3:00 | Scout Tower |
| 3:18 | Scout Tower |
| 3:19 | Scout Tower |
| 3:20 | Scout Tower |
| 3:21 | Scout Tower |
| 3:21 | Scout Tower |
| 3:22 | Scout Tower |
| 3:24 | Peasant |
| 3:24 | Peasant |
| 3:28 | Arcane Tower |
| 3:53 | Guard Tower |
| 3:56 | Guard Tower |
| 4:01 | Scout Tower |
| 4:02 | Scout Tower |
| 4:03 | Scout Tower |
| 4:07 | Guard Tower |
| 4:10 | Peasant |
| 4:10 | Peasant |
| 4:36 | Scout Tower |
| 4:38 | Guard Tower |
| 4:41 | Scout Tower |
| 4:42 | Scout Tower |
| 4:44 | Scout Tower |
| 4:50 | Scout Tower |
| 4:55 | Guard Tower |
| 4:58 | Improved Lumber Harvesting |
| 4:58 | Improved Masonry |
| 5:05 | Scout Tower |
| 5:06 | Scout Tower |
| 5:07 | Scout Tower |
| 5:12 | Scout Tower |
| 5:14 | Scout Tower |
| 5:16 | Guard Tower |
| 5:21 | Arcane Tower |
| 5:22 | Guard Tower |
| 5:32 | Scout Tower |
| 5:34 | Scout Tower |
| 5:35 | Scout Tower |
| 6:00 | Keep |
| 6:05 | Guard Tower |
| 6:11 | Scout Tower |
| 6:15 | Scout Tower |
| 6:21 | Guard Tower |
| 6:26 | Guard Tower |
| 6:27 | Guard Tower |
| 6:43 | Guard Tower |
| 6:46 | Scout Tower |
| 6:47 | Scout Tower |
| 6:51 | Guard Tower |
| 6:55 | Guard Tower |
| 6:57 | Guard Tower |
| 8:01 | Guard Tower |
| 8:04 | Scout Tower |
| 8:05 | Scout Tower |
| 8:06 | Scout Tower |
| 8:07 | Scout Tower |
| 8:11 | Guard Tower |
| 8:14 | Scout Tower |
| 8:14 | Scout Tower |
| 8:15 | Scout Tower |
| 8:16 | Scout Tower |
| 8:29 | Farm |
| 8:59 | Arcane Tower |
| 9:06 | Farm |
| 9:15 | Arcane Tower |
| 9:20 | Advanced Masonry |
| 9:23 | Advanced Lumber Harvesting |
| 9:43 | Arcane Tower |
| 9:44 | Scout Tower |
| 9:45 | Scout Tower |
| 9:51 | Arcane Tower |
| 10:11 | Holy Light |
| 10:15 | Arcane Tower |
| 11:24 | Imbued Masonry |
| 11:38 | Lumber Mill |
| 12:44 | Town Hall |
| Right click | 677 |
| Select | 232 |
| Build/train/purchase | 129 |
| Misc. action | 40 |
| Resource trade | 31 |
| Select group | 21 |
| Use ability | 9 |
| Assign group | 5 |
| Minimap ping | 5 |
| Esc | 4 |